Map: King's Cove LE

Players

MrKillous (SKillous)

  • Race: Protoss Protoss
  • Spawn Location: 5:00

Harstem - Winner!

  • Race: Protoss Protoss
  • Spawn Location: 11:00

Event: IEM Season 13: Katowice (2019)

VOD

Have the link to the VOD?

Description

Time

  • Played on: Feb. 25, 2019, 11:16 a.m.
  • Length: 10:21

All games in this series

Show
View Real Time Build Order
Export as new Build Order

MrKillous Protoss 

Build Orders: Zealot Archon, Archon Drop 

Get SALT Encoding   

  12  0:00  Probe  
  13  0:13  Probe  
  14  0:18  Pylon  
  14  0:24  Probe  
  15  0:32  Probe  
  15  0:38  Gateway  
  15  0:40  Probe  
  16  0:47  Assimilator  
  17  0:50  Probe  
  17  0:55  Assimilator  
  18  0:58  Probe  
  19  1:07  Probe  
  19  1:09  Gateway  
  20  1:18  Probe  
  21  1:25  Cybernetics Core  
  21  1:30  Probe  
  22  1:38  Pylon  
  22  1:42  Probe  
  23  1:54  Warp Gate  
  23  1:56  Probe  
  24  2:03  Sentry, Stalker  
  28  2:14  Pylon  
  28  2:29  Stalker  
  30  2:30  Probe  
  30  2:33  Stalker  
  33  2:54  Nexus  
  33  2:59  Probe  
  34  3:11  Probe  
  35  3:17  Pylon  
  35  3:23  Probe  
  36  3:35  Probe  
  36  3:36  Robotics Facility  
  36  3:38  Twilight Council  
  37  3:43  Probe  
  38  3:51  Probe  
  39  4:01  Probe  
  39  4:08  Probe  
  41  4:11  Probe  
  41  4:12  Shield Battery  
  41  4:14  Warp Prism  
  42  4:17  Dark Shrine  
  42  4:19  Probe  
  42  4:20  Probe  
  42  4:22  Gateway  
  44  4:28  Probe  
  47  4:32  Probe  
  47  4:35  Pylon  
  48  4:40  Zealot  
  47  4:46  Probe  
  47  4:47  Probe  
  47  4:56  Warp Prism, Assimilator  
  47  4:58  Probe  
  49  5:00  Probe  
  49  5:04  Assimilator  
  51  5:10  Probe  
  51  5:12  Probe  
  51  5:14  Charge  
  53  5:23  Probe  
  53  5:25  Probe  
  55  5:32  Dark Templar x2  
  55  5:35  Probe  
  60  5:36  Gateway  
  60  5:38  Probe  
  57  5:43  Dark Templar x3  
  57  5:47  Probe  
  64  5:50  Probe, Archon  
  65  5:57  Warp Prism  
  67  6:11  Gateway  
  67  6:13  Gateway  
  67  6:16  Dark Templar  
  69  6:20  Pylon x3, Probe  
  69  6:21  Archon  
  70  6:31  Gateway  
  70  6:32  Gateway  
  70  6:42  Dark Templar x2  
  70  6:44  Dark Templar  
  77  6:59  Archon  
  77  7:00  Dark Templar, Observer  
  79  7:05  Archon  
  79  7:16  Dark Templar x4  
  79  7:20  Archon x2  
  79  7:21  Probe  
  88  7:23  Pylon  
  88  7:25  Probe  
  89  7:32  Probe  
  89  7:35  Nexus  
  90  7:37  Observer, Probe  
  90  7:40  Pylon, Probe  
  93  7:47  Zealot x2  
  93  7:48  Probe  
  93  7:49  Probe  
  89  7:59  Probe  
  89  8:01  Probe  
  91  8:07  Dark Templar  
  91  8:08  Dark Templar x3  
  91  8:11  Probe  
  97  8:22  Archon x2  
  97  8:24  Dark Templar x2, Zealot x2  
  104  8:38  Archon  
  104  8:45  Dark Templar x2  
  104  8:46  Zealot  
  110  8:51  Archon  
  110  8:52  Zealot x3  
  116  9:05  Dark Templar x2  
  116  9:06  Zealot  
  116  9:09  Archon  
  122  9:16  Pylon  
  122  9:19  Gateway  
  122  9:21  Gateway  
  122  9:23  Pylon  
  122  9:27  Dark Templar  
  122  9:28  Dark Templar, Zealot x3  
  122  9:30  Probe  
  122  9:31  Probe  
  111  9:34  Zealot  
  111  9:35  Probe  
  86  9:41  Zealot x2  
  86  9:44  Probe  
  65  9:45  Probe  
  65  9:51  Zealot x2  
  59  9:57  Probe  
  59  9:58  Probe  
  56  10:04  Dark Templar  
  56  10:05  Dark Templar  
  59  10:08  Dark Templar  
Show
View Real Time Build Order
Export as new Build Order

Harstem Protoss - Winner!

Build Orders: Phoenix Opening, Archon Immortal 

Get SALT Encoding   

  12  0:00  Probe  
  13  0:12  Probe  
  14  0:18  Pylon  
  14  0:24  Probe  
  15  0:32  Probe  
  15  0:37  Gateway  
  15  0:40  Probe  
  16  0:48  Assimilator  
  17  0:50  Probe  
  18  0:58  Probe, Assimilator  
  19  1:07  Probe  
  20  1:14  Gateway  
  20  1:17  Probe  
  21  1:26  Cybernetics Core  
  21  1:30  Probe  
  22  1:38  Pylon  
  22  1:42  Probe  
  23  1:54  Warp Gate  
  23  1:56  Probe  
  24  2:03  Sentry, Stalker  
  28  2:11  Pylon  
  28  2:33  Sentry  
  30  2:37  Phoenix  
  30  2:44  Probe, Nexus  
  31  2:56  Probe  
  31  2:57  Sentry, Pylon  
  34  3:04  Probe  
  34  3:12  Probe  
  35  3:13  Robotics Facility  
  35  3:18  Stalker  
  38  3:23  Probe  
  39  3:35  Probe  
  39  3:36  Forge  
  40  3:47  Probe  
  41  3:53  Twilight Council  
  41  3:56  Adept x2  
  41  4:00  Probe  
  46  4:03  Probe  
  46  4:08  Observer  
  48  4:11  Protoss Ground Weapons Level 1, Probe x2  
  50  4:19  Probe x2  
  50  4:22  Pylon  
  52  4:27  Probe  
  52  4:29  Probe  
  53  4:35  Charge  
  54  4:41  Immortal  
  54  4:43  Probe  
  55  4:47  Probe  
  55  4:49  Assimilator  
  55  4:51  Assimilator  
  56  4:55  Probe  
  56  4:58  Shield Battery  
  57  5:01  Probe  
  58  5:07  Probe  
  58  5:12  Pylon  
  58  5:13  Probe  
  60  5:19  Observer  
  64  5:24  Photon Cannon  
  64  5:26  Probe  
  62  5:31  Gateway  
  62  5:34  Gateway x2  
  62  5:41  Immortal  
  62  5:42  Gateway  
  66  5:51  Gateway  
  66  5:57  Gateway, Pylon  
  66  6:02  Pylon x2  
  66  6:13  Protoss Ground Weapons Level 2  
  66  6:21  Immortal, Shield Battery  
  70  6:39  Zealot x2  
  74  6:42  Templar Archives  
  74  6:44  Pylon  
  74  6:48  Probe  
  71  7:00  Warp Prism  
  73  7:10  Pylon  
  73  7:16  Zealot  
  73  7:20  High Templar x4  
  83  7:22  Stalker x3  
  83  7:25  Archon  
  83  7:26  Archon  
  83  7:29  Pylon  
  89  7:40  Stargate  
  89  7:43  Zealot  
  91  7:51  Zealot x3  
  97  8:02  Immortal  
  93  8:10  Probe  
  93  8:12  Nexus  
  98  8:16  Phoenix  
  98  8:20  Pylon  
  98  8:25  High Templar  
  98  8:26  High Templar  
  104  8:28  Pylon  
  104  8:30  Pylon  
  104  8:32  Archon  
  104  8:34  Photon Cannon  
  104  8:36  Probe x2  
  104  8:39  Warp Prism, Pylon, High Templar  
  104  8:40  High Templar  
  112  8:44  Archon  
  112  8:49  Zealot x3  
  118  9:09  Zealot x3, High Templar x2  
  128  9:12  Zealot  
  128  9:14  Archon  
  130  9:22  Observer  
  130  9:28  Zealot  
  130  9:29  Zealot  
  115  9:32  Zealot x4  
  115  9:36  Observer  
  109  9:40  Probe  
  97  9:47  Zealot x2  
  97  9:53  Probe  
  96  10:01  Photon Cannon  
  96  10:09  Zealot x5, Dark Shrine  

Tags
 
Add a new tag
Caveats
  • Supply blocks, unpowered buildings, or Contaminate may cause inaccurate times.
  • Supply counts are checked every 10 seconds.